 Dungeon Crawl Stone Soup version 0.21-a0-150-gc243083 (webtiles) character file.

233295 Kjempetorsk the Executioner (level 18, -3/140 HPs)
             Began as a Demonspawn Wanderer on July 29, 2017.
             Was the Champion of Okawaru.
             Killed from afar by an ogre mage (43 damage)
             ... with a crystal spear
             ... on level 1 of the Vaults.
             The game lasted 01:24:30 (28839 turns).

Kjempetorsk the Executioner (Demonspawn Wanderer)  Turns: 28839, Time: 01:24:31

Health: -3/140     AC: 33    Str: 23 (24) XL:     18   Next: 84%
Magic:  34/34      EV:  7    Int: 10 (11) God:    Okawaru [******]
Gold:   740        SH:  0    Dex: 12 (14) Spells: 17/17 levels left

rFire    + . .     SeeInvis .   Y - +3 executioner's axe (vamp)
rCold    + + +     Gourm    .   (shield currently unavailable)
rNeg     + + .     Faith    .   M - +4 plate armour {rC+}
rPois    .         Spirit   .   (helmet unavailable)
rElec    .         Reflect  .   a - +2 cloak {+Inv}
rCorr    +         Harm     .   x - +4 pair of gloves "Muuqyiss" {rC+ MP+9 Dex+2}
MR       ++...                  Q - +0 pair of boots of Banoviok {rN+}
Stlth    ..........             h - amulet of regeneration
HPRegen  0.73/turn              (no ring)
MPRegen  0.24/turn              t - ring of protection from cold

@: finesse
A: horns 3, yellow scales 3, deterioration 2, fire resistance 1, foul stench 1,
magic resistance 1, negative energy resistance 1, powered by pain 3, rot
immunity
}: 1/15 runes: serpentine
a: Heroism, Finesse, Renounce Religion, Evoke Invisibility


You were on level 1 of the Vaults.
You worshipped Okawaru.
Okawaru was exalted by your worship.
You were not hungry.

You visited 5 branches of the dungeon, and saw 28 of its levels.
You visited 1 bazaar.
You also visited: Labyrinth, Ossuary and Ice Cave.

You collected 2955 gold pieces.
You spent 2215 gold pieces at shops.

Inventory:

Hand Weapons
 Y - a +3 vampiric executioner's axe (weapon)
Missiles
 u - 2 javelins (quivered)
 S - 2 throwing nets
Armour
 a - a +2 cloak of invisibility (worn)
 c - a +2 plate armour of fire resistance
 x - the +4 pair of gloves "Muuqyiss" (worn) {rC+ MP+9 Dex+2}
   (You acquired it on level 2 of the Orcish Mines)

   It affects your dexterity (+2).
   It protects you from cold.
   It affects your magic capacity (+9).
 M - a +4 plate armour of cold resistance (worn)
 Q - the +0 pair of boots of Banoviok (worn) {rN+}
   (Okawaru gifted it to you on level 10 of the Dungeon)

   It protects you from negative energy.
Jewellery
 h - an amulet of regeneration (around neck)
 t - a ring of protection from cold (right hand)
Wands
 q - a wand of paralysis (9/24)
 H - a wand of lightning (8/15)
 I - a wand of scattershot (2/9)
 P - a wand of confusion (21/48)
 U - a wand of acid (5/15)
 V - a wand of confusion (19/48)
 W - a wand of digging (8/24)
Scrolls
 k - 3 scrolls of enchant armour
 l - 5 scrolls of recharging
 n - 12 scrolls of identify
 o - 5 scrolls of teleportation
 v - 6 scrolls of fog
 y - 16 scrolls of remove curse
 z - 5 scrolls of amnesia
 A - 3 scrolls of magic mapping
 G - 3 scrolls of blinking
 N - 3 scrolls of silence
 O - a scroll of fear
Potions
 b - 2 potions of curing
 e - 2 potions of mutation
 f - 5 potions of brilliance
 g - a potion of might
 i - 2 potions of ambrosia
 p - a potion of magic
 B - 2 potions of heal wounds
 E - 6 potions of flight
 K - 2 potions of haste
 R - a potion of agility
 T - a potion of berserk rage
 Z - a potion of invisibility
Books
 w - a Grand Grimoire

   Spells                             Type                      Level
   a - Monstrous Menagerie            Summoning                    7
   b - Summon Greater Demon           Summoning                    7
   c - Malign Gateway                 Summoning/Translocation      7
   d - Summon Horrible Things         Summoning                    8
 F - a book of Changes

   Spells                             Type                      Level
   a - Beastly Appendage              Transmutation                1
   b - Sticks to Snakes               Transmutation                2
   c - Spider Form                    Transmutation/Poison         3
   d - Ice Form                       Ice/Transmutation            4
   e - Blade Hands                    Transmutation                5
 L - a book of Air

   Spells                             Type                      Level
   a - Shock                          Conjuration/Air              1
   b - Swiftness                      Charms/Air                   2
   c - Static Discharge               Conjuration/Air              3
   d - Airstrike                      Air                          4
   e - Lightning Bolt                 Conjuration/Air              5
Miscellaneous
 X - a lightning rod (4/4)
Comestibles
 d - 4 bread rations
 j - 6 royal jellies
 m - 19 fruits
 C - 3 meat rations


   Skills:
 + Level 12.2 Fighting
 * Level 24.3 Axes
   Level 1.0 Bows
 - Level 1.0 Throwing
 + Level 10.8 Armour
 - Level 1.0 Dodging
   Level 1.0 Shields
 - Level 2.6 Unarmed Combat
 - Level 10.0 Invocations


You had 17 spell levels left.
You didn't know any spells.

Dungeon Overview and Level Annotations

Branches:
Dungeon (15/15)            Temple (0/1) D:5            Lair (6/6) D:10
 Shoals (0/4) Lair:4        Snake (4/4) Lair:4        Slime (0/5) Lair:6
    Orc (2/2) D:11            Elf (0/3) Orc:2        Vaults (1/5) D:13
 Depths (0/5) D:15

Altars:
Ashenzari
Elyvilon
Gozag
Okawaru
Qazlal
Sif Muna
Trog
Xom
Yredelemnul
The Shining One
Jiyva

Shops:
D:4 *   D:5 *}   Orc:2 ??!}*   Snake:1 }}=:   Vaults:1 [[(

Annotations:
D:9 exclusion: obsidian statue
Lair:1 exclusion: 4 oklob plants


Innate Abilities, Weirdness & Mutations

You have a pair of large horns on your head.
You are completely covered in yellow scales. (AC +4, rCorr)
You may emit foul miasma when damaged in melee.
You resist negative energy. (rN+)
You are powered by pain.
You are immune to rotting.
Your body often deteriorates upon taking damage.
Your flesh is heat resistant. (rF+)
You are resistant to hostile enchantments. (MR+)


Message History

The ogre mage blinks!
The wraith barely misses you.
You hit the yaktaur but do no damage. You headbutt the yaktaur!
The yaktaur is almost dead.
You slice the wraith!!
You destroy the wraith!
Okawaru accepts your kill.
You feel sick.
The yaktaur unwields an uncursed arbalest.
The yaktaur hits you but does no damage.
You slash the yaktaur!
You feel better.
You kill the yaktaur!
Okawaru accepts your kill.
The ogre mage mumbles some strange words.
The ogre mage blinks!
You feel better.
Things that are here:
an uncursed arbalest; 18 bolts; a yaktaur corpse The ogre mage gestures at you while chanting.
The crystal spear hits you!
You die...

#..........# #..........+
#... #..........# #...
#..........# #...
#######....(.....# #...
.................# #...
......().........# #...
.......((........# #...
......)))..@.O.).# #...
.................########...
.................(..........
............................
............................
.....#######################
#####


You could see an ogre mage.

Vanquished Creatures
  Vashnia (Snake:2)
  The ghost of emikaela the Sharpshooter, an adept NaFE of Fedhas (Vaults:1)
  Rupert (D:15)
  Agnes (Snake:2)
  Kirke (Snake:2)
  Gastronok (Lair:1)
  An azure jelly (Snake:3)
  Donald (Orc:2)
  13 nagarajas
  A vault warden (Vaults:1)
  An orc warlord (Orc:2)
  A deep elf sorcerer (Vaults:1)
  Aizul (Snake:2)
  2 very ugly things (IceCv)
  An ironheart preserver (Vaults:1)
  A stone giant (Vaults:1)
  Nessos (Orc:2)
  The ghost of dricus the Basher, a journeyman DsCK of Trog (Lair:6)
  A minotaur (Lab)
  Josephine (Orc:2)
  2 yaktaur captains (Vaults:1)
  5 hydras
  Harold (Lair:1)
  2 vault guards (Vaults:1)
  A catoblepas (Lair:4)
  22 anacondas
  28 naga warriors
  5 centaur warriors
  A death knight (D:14)
  17 two-headed ogres
  3 orc high priests (Orc:2)
  19 naga sharpshooters
  2 ogre magi
  6 death yaks (Lair:3)
  7 shock serpents
  2 deep elf knights (Vaults:1)
  A salamander mystic (Snake:4)
  An unseen horror (D:10)
  2 sea snakes (Snake:2)
  A glowing orange brain (shapeshifter) (D:15)
  9 naga ritualists
  7 orc knights
  The ghost of Silenceoftheyaks the Spear-Bearer, a novice DsSk of Okawaru (D:7)
  4 ironbrand convokers (Vaults:1)
  10 orc sorcerers
  4 deep elf magi
  7 cyclopes
  A wolf spider (Vaults:1)
  6 manticores
  15 mana vipers
  7 elephants
  21 ugly things
  12 guardian serpents
  A merfolk siren (Lair:4)
  7 salamanders
  5 ice statues (IceCv)
  21 naga magi
  38 black mambas
  2 vault sentinels (Vaults:1)
  2 gargoyles
  11 spiny frogs
  5 yaktaurs
  A rime drake (Lair:3)
  3 efreet
  10 komodo dragons
  5 freezing wraiths
  5 polar bears (Lair:6)
  3 meliai (D:15)
  12 trolls
  A polar bear (shapeshifter) (D:14)
  7 hornets
  Prince Ribbit (D:5)
  3 slime creatures (D:13)
  5 dream sheep
  9 hippogriffs
  A meliai zombie (D:12)
  12 blink frogs
  Sigmund (D:2)
  3 dire elephant simulacra (IceCv)
  2 shadows (D:15)
  2 vampires (D:13)
  A water elemental (D:15)
  12 spriggans
  5 hogs (Snake:2)
  4 wraiths
  8 wyverns
  61 yaks
  A basilisk (D:15)
  2 hungry ghosts (D:13)
  Edmund (D:6)
  A harpy simulacrum (IceCv)
  2 vampire mosquitoes (D:12)
  6 wargs
  3 hydra simulacra (IceCv)
  60 nagas
  10 water moccasins
  6 porcupines
  14 ice beasts
  A hornet zombie (D:15)
  A phantom (D:9)
  22 orc warriors
  7 sky beasts
  3 black bears
  An eye of draining (D:13)
  2 necrophages
  2 ettin simulacra (IceCv)
  6 boggarts
  34 wolves
  17 ogres
  23 centaurs
  9 crocodiles
  An elf zombie (Ossuary)
  18 bullfrogs
  A wyvern skeleton (D:11)
  4 scorpions
  16 killer bees
  14 wights
  8 electric eels
  3 howler monkeys
  6 crimson imps
  3 centaur zombies
  A bullfrog zombie (D:13)
  2 jellies
  2 quasits
  4 centaur skeletons
  8 hounds
  17 orc priests
  28 orc wizards
  3 iguanas
  9 worker ants
  A big kobold zombie (Ossuary)
  A hound zombie (Ossuary)
  3 mummies (Ossuary)
  A howler monkey zombie (D:8)
  A worker ant zombie (D:9)
  15 adders
  7 gnolls
  A howler monkey skeleton (D:9)
  4 shadow imps
  3 oozes
  3 adder skeletons
  5 adder zombies (Ossuary)
  4 worms
  A dart slug (D:1)
  5 leopard geckos
  102 orcs
  4 giant cockroaches
  2 gnoll zombies (Ossuary)
  7 goblins
  5 hobgoblins
  7 jackals
  6 quokkas
  2 ball pythons
  6 bats
  3 frilled lizards
  4 goblin zombies (Ossuary)
  3 hobgoblin zombies (Ossuary)
  A jackal skeleton (D:4)
  4 jackal zombies (Ossuary)
  3 kobolds
  A kobold zombie (Ossuary)
  A leopard gecko skeleton (D:5)
  An orc zombie (Ossuary)
  3 quokka zombies (Ossuary)
  9 rats
  5 rat zombies (Ossuary)
  A fungus (Lair:1)
  10 plants
1161 creatures vanquished.

Vanquished Creatures (collateral kills)
  2 orcs (D:11)
2 creatures vanquished.

Vanquished Creatures (others)
  A naga warrior (Snake:4)
  A guardian serpent (Snake:4)
  5 fungi
  7 plants
14 creatures vanquished.

Grand Total: 1177 creatures vanquished

Notes
Turn   | Place    | Note
-------+----------+-------------------------------------------
     0 | D:1      | Kjempetorsk the Demonspawn Wanderer began the quest for the Orb.
     0 | D:1      | Kjempetorsk set off with: a +2 scale mail, 2 potions of curing, a +0 club, a bread ration
     0 | D:1      | Reached XP level 1. HP: 16/16 MP: 1/1
   305 | D:1      | Gained mutation: You are partially covered in yellow scales. (AC +2) [demonic ancestry]
   305 | D:1      | Reached XP level 2. HP: 23/23 MP: 2/2
   678 | D:2      | Found an iron altar of Okawaru.
   678 | D:2      | Found a deep blue altar of Sif Muna.
   683 | D:2      | Found a faded altar of an unknown god.
   689 | D:2      | Found a faded altar of an unknown god.
   690 | D:2      | Found a stormy altar of Qazlal.
   715 | D:2      | Became a worshipper of Warmaster Okawaru
   807 | D:2      | Gained mutation: You are immune to rotting. [demonic ancestry]
   807 | D:2      | Reached XP level 3. HP: 26/29 MP: 3/3
   998 | D:2      | Found a shattered altar of Ashenzari.
   998 | D:2      | Found a glowing golden altar of the Shining One.
   998 | D:2      | Noticed Sigmund
  1100 | D:3      | Gained mutation: You sometimes gain a little power by taking damage. [demonic ancestry]
  1100 | D:3      | Reached XP level 4. HP: 37/37 MP: 4/4
  1120 | D:3      | Reached skill level 1 in Axes
  1149 | D:3      | Reached skill level 2 in Axes
  1149 | D:3      | Gained mutation: You may emit foul miasma when damaged in melee. [demonic ancestry]
  1149 | D:3      | Reached XP level 5. HP: 22/42 MP: 5/5
  1796 | D:3      | Reached skill level 3 in Axes
  2026 | D:2      | Found a white marble altar of Elyvilon.
  2412 | D:2      | Killed Sigmund
  2412 | D:2      | Reached * piety under Okawaru
  2412 | D:2      | Reached skill level 4 in Axes
  2412 | D:2      | Gained mutation: You are mostly covered in yellow scales. (AC +3) [demonic ancestry]
  2412 | D:2      | Reached XP level 6. HP: 40/48 MP: 6/6
  2560 | D:4      | Reached skill level 5 in Axes
  2601 | D:4      | Noticed a sky beast
  2625 | D:4      | Killed a sky beast
  2625 | D:4      | Reached XP level 7. HP: 47/54 MP: 7/7
  2950 | D:4      | Reached skill level 6 in Axes
  2953 | D:4      | Found a sand-covered staircase.
  2976 | Ossuary  | Entered an ossuary
  3089 | Ossuary  | Reached ** piety under Okawaru
  3426 | D:4      | Reached skill level 7 in Axes
  3668 | D:4      | Found Reummir's Assorted Antiques.
  3676 | D:4      | Bought a scroll labeled WICEUTROESU for 27 gold pieces
  3676 | D:4      | Bought a scroll labeled GUIZASOA JUIN for 27 gold pieces
  3676 | D:4      | Bought a scroll labeled DUDAIKKE KOTYI for 27 gold pieces
  3676 | D:4      | Bought a scroll labeled LIOSURRIWA for 27 gold pieces
  3721 | D:4      | Gained mutation: Your spells are a little harder to cast, but a little more powerful. [potion of mutation]
  3721 | D:4      | Gained mutation: You have a pair of small antennae on your head. [potion of mutation]
  3721 | D:4      | Gained mutation: Your flesh is heat resistant. (rF+) [potion of mutation]
  3721 | D:4      | Gained mutation: You evolve. [potion of mutation]
  3886 | D:5      | Entered Level 5 of the Dungeon
  3918 | D:5      | Gained mutation: You have an increased reservoir of magic. (+10% MP) [evolution]
  4209 | D:5      | Found Cypue's Gadget Boutique.
  4269 | D:5      | Noticed Prince Ribbit
  4342 | D:4      | Lost mutation: You have a pair of small antennae on your head. [demonic ancestry]
  4342 | D:4      | Gained mutation: You have a pair of small horns on your head. [demonic ancestry]
  4342 | D:4      | Reached XP level 8. HP: 47/60 MP: 5/8
  4516 | D:5      | Found Gozag's Platinum Reserve.
  4518 | D:5      | Found an opulent altar of Gozag.
  4641 | D:5      | Found a staircase to the Ecumenical Temple.
  4765 | D:5      | Reached skill level 8 in Axes
  4850 | D:5      | Killed Prince Ribbit
  5039 | D:6      | Reached skill level 9 in Axes
  5122 | D:6      | Noticed Edmund
  5132 | D:6      | Killed Edmund
  5132 | D:6      | Reached *** piety under Okawaru
  5831 | D:7      | Noticed Silenceoftheyaks's ghost (novice DsSk)
  5856 | D:7      | Killed Silenceoftheyaks's ghost
  5856 | D:7      | Reached skill level 10 in Axes
  5856 | D:7      | Reached XP level 9. HP: 51/65 MP: 9/9
  6364 | D:8      | Reached skill level 11 in Axes
  6829 | D:8      | Reached **** piety under Okawaru
  6854 | D:8      | Reached skill level 12 in Axes
  7041 | D:8      | Gained mutation: You are resistant to hostile enchantments. (MR+) [evolution]
  7089 | D:8      | Reached XP level 10. HP: 71/71 MP: 11/11
  7665 | D:9      | Received a gift from Okawaru
  7670 | D:9      | Reached skill level 1 in Invocations
  7674 | D:9      | Noticed a two-headed ogre
  7692 | D:9      | Killed a two-headed ogre
  7692 | D:9      | Reached ***** piety under Okawaru
  7787 | D:9      | Noticed an obsidian statue
  8050 | D:9      | Lost mutation: You are resistant to hostile enchantments. (MR+) [evolution]
  8087 | D:9      | Reached skill level 13 in Axes
  8108 | D:9      | Reached skill level 5 in Fighting
  8397 | D:10     | Entered Level 10 of the Dungeon
  8407 | D:10     | Found a staircase to the Lair.
  8510 | D:10     | Killed an unseen horror
  8691 | D:10     | Noticed a two-headed ogre
  8701 | D:10     | Killed a two-headed ogre
  8701 | D:10     | Received a gift from Okawaru
  8701 | D:10     | Reached skill level 5 in Invocations
  8701 | D:10     | Gained mutation: You have a pair of horns on your head. [demonic ancestry]
  8701 | D:10     | Reached XP level 11. HP: 66/81 MP: 14/16
  8920 | D:10     | Received a gift from Okawaru
  8923 | D:10     | Got a pair of brightly glowing boots {god gift}
  8934 | D:10     | Identified the +0 pair of boots of Banoviok {rN+} (Okawaru gifted it to you on level 10 of the Dungeon)
  9075 | D:10     | Lost mutation: Your spells are a little harder to cast, but a little more powerful. [evolution]
  9196 | Lair:1   | Entered Level 1 of the Lair of Beasts
  9252 | Lair:1   | Noticed Harold
  9284 | Lair:1   | Killed Harold
  9355 | Lair:1   | Noticed an oklob plant
  9369 | Lair:1   | Noticed Gastronok
  9418 | Lair:1   | Killed Gastronok
  9627 | Lair:1   | Reached skill level 5 in Armour
  9651 | Lair:1   | Reached skill level 14 in Axes
  9763 | Lair:1   | Found a bloodstained altar of Trog.
 10030 | Lair:1   | Gained mutation: You have a pair of large horns on your head. [evolution]
 10427 | Lair:1   | Noticed an oklob plant
 10449 | Lair:1   | Reached ****** piety under Okawaru
 10505 | Lair:1   | Noticed an oklob plant
 10505 | Lair:1   | Noticed an oklob plant
 10766 | Lair:2   | Gained mutation: You sometimes gain power by taking damage. [demonic ancestry]
 10766 | Lair:2   | Reached XP level 12. HP: 59/91 MP: 16/19
 10792 | Lair:2   | Received a gift from Okawaru
 11749 | Lair:3   | Gained mutation: Your body sometimes deteriorates upon taking damage. [evolution]
 12105 | Lair:3   | Noticed a death yak
 12106 | Lair:3   | Noticed a death yak
 12107 | Lair:3   | Noticed a death yak
 12107 | Lair:3   | Noticed a death yak
 12107 | Lair:3   | Noticed a death yak
 12108 | Lair:3   | Noticed a death yak
 12124 | Lair:3   | Killed a death yak
 12125 | Lair:3   | Killed a death yak
 12125 | Lair:3   | Reached skill level 15 in Axes
 12129 | Lair:3   | Killed a death yak
 12141 | Lair:3   | Killed a death yak
 12144 | Lair:3   | Killed a death yak
 12150 | Lair:3   | Killed a death yak
 12241 | Lair:3   | Received a gift from Okawaru
 12591 | Lair:3   | Gained mutation: Your spells are a little harder to cast, but a little more powerful. [evolution]
 12853 | Lair:4   | Found a staircase to the Snake Pit.
 12862 | Lair:4   | Noticed a six-headed hydra
 12879 | Lair:4   | Reached XP level 13. HP: 85/100 MP: 22/22
 12941 | Lair:4   | Received a gift from Okawaru
 12945 | Lair:4   | Reached skill level 10 in Invocations
 13027 | Lair:4   | Found a labyrinth entrance.
 13079 | Lab      | Entered a labyrinth
 13140 | Lab      | Noticed a minotaur
 13149 | Lab      | Killed a minotaur
 13154 | Lab      | Identified the Reference Book on Moulding and Flames
 13154 | Lab      | Identified the Compendium of Poisonous Bewitchment
 13505 | Lair:4   | Reached skill level 16 in Axes
 13519 | Lair:4   | Gained mutation: Your system is resistant to poisons. (rPois) [evolution]
 13650 | Lair:4   | Found a staircase to the Shoals.
 14113 | Lair:5   | Received a gift from Okawaru
 14455 | Lair:6   | Entered Level 6 of the Lair of Beasts
 14620 | Lair:6   | Noticed dricus's ghost (journeyman DsCK)
 14688 | Lair:6   | Killed dricus's ghost
 14804 | Lair:6   | Reached skill level 17 in Axes
 14990 | Lair:6   | Gained mutation: You are powered by pain. [demonic ancestry]
 14990 | Lair:6   | Reached XP level 14. HP: 108/108 MP: 23/23
 15016 | Lair:6   | Received a gift from Okawaru
 15057 | Lair:6   | Got a jewelled lajatang
 15058 | Lair:6   | Identified the +6 lajatang "Falam" {vamp, rF+ Str+10} (You found it on level 6 of the Lair of Beasts)
 15265 | Lair:6   | Found a staircase to the Slime Pits.
 15265 | Lair:6   | Found a viscous altar of Jiyva.
 15818 | D:11     | Found a shimmering altar of Xom.
 16035 | D:11     | Reached skill level 18 in Axes
 16189 | D:11     | Found a staircase to the Orcish Mines.
 16245 | D:11     | Found a shimmering altar of Xom.
 16477 | D:12     | Received a gift from Okawaru
 17541 | D:11     | Received a gift from Okawaru
 17597 | Orc:1    | Entered Level 1 of the Orcish Mines
 17782 | Orc:1    | Received a gift from Okawaru
 17928 | Orc:2    | Entered Level 2 of the Orcish Mines
 17928 | Orc:2    | Noticed Nessos
 17936 | Orc:2    | Noticed Donald
 17938 | Orc:2    | Killed Nessos
 17952 | Orc:2    | Killed Donald
 17952 | Orc:2    | Reached skill level 19 in Axes
 17994 | Orc:2    | Found Duwi's Magic Scroll Shop.
 17997 | Orc:2    | Noticed Josephine
 17999 | Orc:2    | Found a staircase to the Elven Halls.
 18008 | Orc:2    | Killed Josephine
 18051 | Orc:2    | Bought a scroll of acquirement for 832 gold pieces
 18195 | Orc:2    | HP: 1/108 [sixfirhy[an orc sorcerer] (11)]
 18203 | Orc:2    | Received a gift from Okawaru
 18210 | Orc:2    | Got a shimmering tin amulet
 18211 | Orc:2    | Identified the amulet of Jealousy {Spirit Str+2} (You acquired it on level 2 of the Orcish Mines)
 18218 | Orc:2    | Bought a scroll of enchant weapon for 120 gold pieces
 18218 | Orc:2    | Bought a scroll of enchant weapon for 120 gold pieces
 18465 | Orc:2    | Found Zoenaapn's General Store.
 18465 | Orc:2    | Found Izxaclat's Magic Scroll Shoppe.
 18475 | Orc:2    | Gained mutation: You are completely covered in yellow scales. (AC +4, rCorr) [demonic ancestry]
 18475 | Orc:2    | Reached XP level 15. HP: 98/113 MP: 24/24
 18476 | Orc:2    | Found Cedy's Gadget Boutique.
 18485 | Orc:2    | Found Zoeppub's Distillery.
 18513 | Orc:2    | Bought a scroll of acquirement for 780 gold pieces
 18514 | Orc:2    | Got a pair of pitted gloves
 18525 | Orc:2    | Identified the +4 pair of gloves "Muuqyiss" {rC+ MP+9 Dex+2} (You acquired it on level 2 of the Orcish Mines)
 18585 | Orc:2    | Noticed an orc warlord
 18596 | Orc:2    | Killed an orc warlord
 18901 | D:13     | Received a gift from Okawaru
 19010 | D:13     | Found a flickering gateway to a bazaar.
 19021 | Bazaar   | Entered a bazaar
 19021 | Bazaar   | Found Nyaqaumn's Armour Boutique.
 19021 | Bazaar   | Found Diehi's Antique Armour Shop.
 19021 | Bazaar   | Found Cytten's Weapon Shop.
 19037 | Bazaar   | Bought an embroidered cloak for 255 gold pieces
 19289 | D:13     | Reached skill level 20 in Axes
 19840 | D:13     | Found a gate to the Vaults.
 19978 | D:14     | Gained mutation: You have a considerably increased reservoir of magic. (+20% MP) [evolution]
 20109 | D:14     | Found a basalt altar of Yredelemnul.
 20135 | D:14     | Received a gift from Okawaru
 20659 | D:15     | Entered Level 15 of the Dungeon
 20663 | D:15     | Found a stormy altar of Qazlal.
 20889 | D:15     | Noticed Rupert
 20903 | D:15     | Killed Rupert
 20903 | D:15     | Received a gift from Okawaru
 21411 | D:15     | Reached skill level 21 in Axes
 21558 | D:15     | Found a staircase to the Depths.
 21570 | D:15     | Received a gift from Okawaru
 21579 | D:15     | Gained mutation: You resist negative energy. (rN+) [demonic ancestry]
 21579 | D:15     | Reached XP level 16. HP: 118/120 MP: 28/28
 21885 | Snake:1  | Entered Level 1 of the Snake Pit
 22041 | Snake:1  | Found Iwoepy Tooj's Book Boutique.
 22633 | Snake:1  | Found Jeplynew's Jewellery Shoppe.
 22634 | Snake:1  | Found Ihaawn's Gadget Boutique.
 22634 | Snake:1  | Found Idghegup's Gadget Boutique.
 22785 | Snake:1  | Reached skill level 22 in Axes
 22788 | Snake:1  | Received a gift from Okawaru
 23515 | Snake:2  | Noticed Kirke
 23517 | Snake:2  | Noticed Agnes
 23519 | Snake:2  | Noticed Aizul
 23529 | Snake:2  | Killed Kirke
 23537 | Snake:2  | Killed Agnes
 23556 | Snake:2  | Killed Aizul
 23812 | Snake:2  | Noticed Vashnia
 23856 | Snake:2  | Killed Vashnia
 23894 | Snake:2  | Received a gift from Okawaru
 24031 | Snake:2  | Reached XP level 17. HP: 124/126 MP: 29/29
 24144 | Snake:2  | Reached skill level 23 in Axes
 24417 | Snake:2  | Received a gift from Okawaru
 24796 | Snake:3  | Gained mutation: You are weak. (Str -2) [evolution]
 24818 | Snake:3  | Reached skill level 10 in Fighting
 24826 | Snake:3  | Found a frozen archway.
 24832 | IceCv    | Entered an ice cave
 25641 | Snake:3  | Received a gift from Okawaru
 25668 | Snake:3  | Got a bloodstained war axe {god gift}
 25669 | Snake:3  | Identified the +1 war axe of Discomfort {freeze, rF+ Int+3 Stlth+} (Okawaru gifted it to you on level 3 of the Snake Pit)
 26348 | Snake:4  | Entered Level 4 of the Snake Pit
 27045 | Snake:4  | Received a gift from Okawaru
 27045 | Snake:4  | Mutation became permanent: You have a pair of horns on your head. [demonic ancestry]
 27045 | Snake:4  | Gained mutation: You have a pair of large horns on your head. [demonic ancestry]
 27045 | Snake:4  | Reached XP level 18. HP: 136/136 MP: 30/30
 27497 | Snake:4  | Reached skill level 10 in Armour
 27733 | Snake:4  | Reached skill level 24 in Axes
 28068 | Snake:4  | Received a gift from Okawaru
 28081 | Snake:4  | Got a serpentine rune of Zot
 28198 | Snake:4  | Gained mutation: You are frail. (-10% HP) [evolution]
 28198 | Snake:4  | Lost mutation: You evolve. [end of evolution]
 28212 | Snake:4  | Lost mutation: You have a considerably increased reservoir of magic. (+20% MP) [potion of mutation]
 28212 | Snake:4  | Lost mutation: You are frail. (-10% HP) [potion of mutation]
 28212 | Snake:4  | Lost mutation: Your spells are a little harder to cast, but a little more powerful. [potion of mutation]
 28212 | Snake:4  | Lost mutation: You are weak. (Str -2) [potion of mutation]
 28212 | Snake:4  | Lost mutation: You have an increased reservoir of magic. (+10% MP) [potion of mutation]
 28212 | Snake:4  | Lost mutation: Your system is resistant to poisons. (rPois) [potion of mutation]
 28212 | Snake:4  | Gained mutation: Your body often deteriorates upon taking damage. [potion of mutation]
 28212 | Snake:4  | Gained mutation: You are resistant to hostile enchantments. (MR+) [potion of mutation]
 28546 | Vaults:1 | Entered Level 1 of the Vaults
 28566 | Vaults:1 | Found Lymiarph's Armour Emporium.
 28607 | Vaults:1 | Found Taqahosa's Armour Boutique.
 28622 | Vaults:1 | Noticed emikaela's ghost (adept NaFE)
 28657 | Vaults:1 | Killed emikaela's ghost
 28713 | Vaults:1 | Found Zoqaf's Weapon Shoppe.
 28829 | Vaults:1 | HP: 5/140 [ogre mage/halberd of venom (7)]
 28839 | Vaults:1 | Killed from afar by an ogre mage

Vault maps used:
D:1:      mushboom_english_gardens, hex_medium, st_stairs_12
D:2:      lemuel_doored_altar, chequers_temple_overflow_minitemple,
          chequers_temple_overflow_statue_of_worship, grunt_ministairs_10,
          uniq_sigmund
D:3:      nicolae_underground_beach
D:4:      serial_shops, shop, lightli_ossuary_entry_decrepit_ruins
D:5:      nicolae_gozag_zags_fifth_avenue, minmay_temple_entry_fiery,
          first_bread, serial_shops, kennysheep_little_box, uniq_prince_ribbit1
D:6:      uniq_edmund
D:9:      minmay_statue_bubble
D:10:     dpeg_oklobed_lair
D:11:     hiddenorc1_lemuel, basic_altar, xom_teletrap_fun
D:13:     david_vaults_1, serial_shops, bzr_entry_lakeside, the_bakery,
          nrook_mini_backslash
D:14:     basic_altar, hangedman_abyss_or_decor_stabs, st_stairs_13
D:15:     grunt_enter_depths_magical_seal, basic_altar, serial_bayou_lagoon_a,
          minmay_misc_feat_chi, uniq_rupert
Lair:1:   lemuel_centaur_altar, minmay_lair_oklob_chamber, grunt_megastairs_1,
          uniq_harold, uniq_gastronok
Lair:2:   grunt_megastairs_2, lemuel_fruit_tree
Lair:3:   lemuel_fruit_fields
Lair:4:   minmay_shoals_entry_lonely_mermaid,
          minmay_snake_entry_guardpost_small, lab_entry_generic
Lair:5:   grunt_megastairs_4
Lair:6:   minmay_lair_end_enchanted_forest, slime_altar_1
Snake:1:  serial_shops, nicolae_shop_stone, serial_bayou_shore_b,
          minmay_shop_grove
Snake:2:  serial_bayou_pond_d, hangedman_snake_sidewinding,
          serial_bayou_shore_a, uniq_vashnia, uniq_kirke, uniq_agnes, uniq_aizul
Snake:3:  nicolae_cobra_stairs, portal_ice_cave_entry_horrid_things, spider_trap
Snake:4:  johnstein_snake_rune_scales
Orc:2:    st_orc_elflike, serial_shops, shop, uniq_nessos, uniq_donald,
          uniq_josephine
Vaults:1: vaults_dpeg_diagonal, hangedman_vaults_slice, vaults_dpeg_hooks,
          st_octagons_1, v_misc_15, ontoclasm_vaults_ligature,
          hangedman_vaults_cutoff, vaults_dpeg_ring,
          nicolae_vaults_yaktaur_gun_rack, serial_shops, nicolae_shop_trees,
          shop_fountains, shop, nicolae_shop_trees
Bazaar:   bazaar_outfitter
Ossuary:  minmay_ossuary_two_tombs
IceCv:    ice_cave_statue_garden_chambered

Skill      XL: |  1  2  3  4  5  6  7  8  9 10 11 12 13 14 15 16 17 18 |
---------------+-------------------------------------------------------+-----
Fighting       | 3 4 5 7 8 9 10 12 | 12.2
Armour         | 2 4 5 7 9 10 | 10.8
Axes           | 2 4 5 7 10 12 13 14 15 17 19 21 22 23 24 | 24.3
Invocations    | 5 7 9 10 | 10.0
Bows           | |  1.0
Throwing       | |  1.0
Dodging        | |  1.0
Shields        | |  1.0
Unarmed Combat | |  2.6

Action                   |  1- 3 |  4- 6 |  7- 9 | 10-12 | 13-15 | 16-18 || total
-------------------------+-------+-------+-------+-------+-------+-------++-------
Melee: Dagger            |   224 |       |       |       |       |       ||   224
       Club              |    11 |       |       |       |       |       ||    11
       Hand axe          |     9 |   282 |   547 |   607 |   390 |       ||  1835
       Punch             |     1 |     1 |    16 |     8 |     6 |       ||    32
       Headbutt          |       |       |    33 |   133 |   294 |   298 ||   758
       Broad axe         |       |       |       |       |   300 |       ||   300
       Executioner's axe |       |       |       |       |   632 |  1282 ||  1914
Throw: Javelin           |       |       |     2 |       |     2 |       ||     4
Invok: Heroism           |       |       |     1 |     4 |       |     4 ||     9
       Finesse           |       |       |       |     1 |     7 |    10 ||    18
Evoke: Wand              |       |       |       |     1 |    10 |     1 ||    12
       Lightning rod     |       |       |       |       |    14 |       ||    14
  Use: Scroll            |       |     2 |    10 |     7 |    19 |     7 ||    45
       Potion            |       |     1 |     9 |     5 |     3 |    11 ||    29
 Stab: Petrified         |       |       |       |       |     3 |       ||     3
  Eat: Chunk             |     1 |     4 |     7 |     9 |    24 |     2 ||    47
       Bread ration      |       |     1 |     1 |     2 |     5 |     3 ||    12
       Fruit             |       |       |     1 |       |       |       ||     1
       Meat ration       |       |       |       |       |       |     1 ||     1
Armor: Scale mail        |   125 |   176 |   203 |       |       |       ||   504
       Plate armour      |       |       |    73 |   304 |   982 |  1087 ||  2446
Dodge: Dodged            |   126 |   154 |   196 |   138 |   426 |   432 ||  1472
